 Dungeon Crawl Stone Soup version 0.27-a0-1065-ge809cff456 (webtiles) character file.

Game seed: 16165059207928007771

9845 senseless the Basher (level 11, -2/75 HPs)
             Began as a Human Monk on Apr 22, 2021.
             Was a High Priest of Hepliaklqana.
             Hit by a javelin thrown by Urug (24 damage)
             ... on level 11 of the Dungeon.
             The game lasted 00:29:55 (10631 turns).

senseless the Basher (Human Monk)                  Turns: 10631, Time: 00:29:55

Health: -2/75      AC: 12    Str: 13    XL:     11   Next: 82%
Magic:  21/21      EV: 34    Int: 12    God:    Hepliaklqana [*****.]
Gold:   666        SH:  0    Dex: 16    Spells: 24/24 levels left

rFire    . . .     SeeInvis .   d - +11 plutonium sword {Contam Stlth-}
rCold    . . .     Faith    .   (shield currently unavailable)
rNeg     . . .     Spirit   .   E - +1 steam dragon scales
rPois    .         Reflect  .   N - +0 hat
rElec    .         Harm     .   (no cloak)
rCorr    .         Rampage  .   f - +0 pair of gloves
Will     .....                  (no boots)
Stlth    ++........             u - amulet of the acrobat
HPRegen  0.22/turn              l - +4 ring of evasion
MPRegen  0.17/turn              p - +4 ring of protection

@: acrobatic
A: reduced essence
a: Renounce Religion, Recall Ancestor, Ancestor Identity, Transference, Idealise


You were on level 11 of the Dungeon.
You worshipped Hepliaklqana.
Hepliaklqana was extremely pleased with you.
You visited 2 branches of the dungeon, and saw 12 of its levels.

You collected 666 gold pieces.

Inventory:

Hand Weapons
 a - a +0 mace
 d - the +11 plutonium sword (weapon) {Contam Stlth-}
   (You acquired it on level 10 of the Dungeon)

   It causes magical contamination when unequipped.
   It makes you less stealthy.
 o - a +4 hunting sling
 q - a +3 trident
 r - a +4 dagger
 s - a +3 flail of protection
 D - a +5 vorpal scimitar
 J - a +4 dagger of distortion
Missiles
 C - 7 atropa-tipped darts (quivered)
Armour
 f - a +0 pair of gloves (worn)
 E - +1 steam dragon scales (worn)
 N - a +0 hat (worn)
Magical Staves
 L - a staff of conjuration
Jewellery
 i - an amulet of magic regeneration
 l - a +4 ring of evasion (left hand)
 p - a +4 ring of protection (right hand)
 u - an amulet of the acrobat (around neck)
 G - a +4 ring of protection
 H - a +6 ring of strength
 R - a ring of protection from fire
Wands
 b - a wand of paralysis (11)
 K - a wand of polymorph (9)
 S - a wand of charming (9)
 U - a wand of iceblast (7)
Scrolls
 k - 2 scrolls of magic mapping
 x - a scroll of fog
 F - a scroll of teleportation
Potions
 e - 4 potions of curing
 j - 3 potions of brilliance
 m - 2 potions of heal wounds
 z - a potion of cancellation {unknown}
 A - 2 potions of magic
 M - a potion of mutation {unknown}
 O - a potion of invisibility {unknown}
 V - a potion of haste


   Skills:
 + Level 7.1 Fighting
 + Level 2.4(5.5) Short Blades
 + Level 7.8(8.0) Long Blades
 + Level 8.1 Maces & Flails
 + Level 2.2 Polearms
 + Level 0.1 Throwing
 + Level 6.1 Armour
 + Level 5.8 Dodging
 + Level 5.0 Stealth
 + Level 0.6 Shields
 * Level 7.0 Spellcasting
 + Level 0.3 Evocations


You had 24 spell levels left.
You didn't know any spells.
Your spell library contained the following spells:

 Spells                   Type           Power      Damage    Failure   Level
 Animate Skeleton         Necr           8%         N/A       16%         1
 Corona                   Hex            4%         N/A       16%         1
 Magic Dart               Conj           16%        1d3       16%         1
 Pain                     Necr           16%        1d4       16%         1
 Summon Small Mammal      Summ           16%        N/A       16%         1
 Call Imp                 Summ           4%         N/A       24%         2
 Corpse Rot               Necr/Air       N/A        N/A       24%         2
 Passwall                 Tmut/Erth      3%         N/A       24%         2
 Searing Ray              Conj           8%         3d3       24%         2
 Slow                     Hex            4%         N/A       24%         2
 Sublimation of Blood     Necr           2%         N/A       24%         2
 Call Canine Familiar     Summ           4%         N/A       43%         3
 Dazzling Flash           Conj/Hex       8%         N/A       43%         3
 Inner Flame              Hex/Fire       4%         N/A       43%         3
 Portal Projectile        Hex/Tloc       8%         N/A       43%         3
 Summon Guardian Golem    Hex/Summ       4%         N/A       43%         3
 Swiftness                Air            4%         N/A       43%         3
 Vampiric Draining        Necr           2%         2d6       43%         3
 Animate Dead             Necr           2%         N/A       85%         4
 Cause Fear               Hex            2%         N/A       85%         4
 Dispel Undead            Necr           4%         3d7       85%         4
 Fulminant Prism          Conj/Hex       2%         3d6       85%         4
 Iskenderun's Mystic Bla  Conj/Tloc      4%         2d3       85%         4
 Leda's Liquefaction      Hex/Erth       2%         N/A       85%         4
 Passage of Golubria      Tloc           N/A        N/A       85%         4
 Summon Ice Beast         Ice/Summ       4%         N/A       85%         4
 Summon Lightning Spire   Summ/Air       4%         N/A       85%         4
 Agony                    Necr           4%         N/A       99%         5
 Excruciating Wounds      Necr           2%         N/A       99%         5
 Lee's Rapid Deconstruct  Erth           2%         3d5*      99%         5
 Invisibility             Hex            4%         N/A       100%        6


Dungeon Overview and Level Annotations

Branches:
Dungeon (11/15)            Temple (1/1) D:7            Lair (0/6) D:9
    Orc (0/2) D:11

Altars:
Ashenzari
Cheibriados
Elyvilon
Fedhas
Gozag
Hepliaklqana
Kikubaaqudgha
Makhleb
Okawaru
Qazlal
Uskayaw
Wu Jian
Xom
Yredelemnul

Annotations:
D:11 Urug


Message History

The stone arrow hits the two-headed ogre!!
The two-headed ogre dies!
Your Stealth skill increases to level 5!
Your Spellcasting skill increases to level 7!
There is an open door, spattered with blood here.
Things that are here:
a +0 giant club; a +0 giant club
There is an open door here.
Urug shouts!
Found a robe.
No reachable target in view!
Found a cloak and a scroll of enchant armour.
The cyclops shouts!
Found a scroll of teleportation and a robe.
Urug opens the door.
The eight-headed hydra roars!
Urug throws a javelin.
The javelin completely misses you.
You see here 13 gold pieces.
Urug completely misses you.
There is an open door here.
You closely miss Urug. Urug hits you with a +4 eveningstar!!
The cyclops hits you!
The eight-headed hydra bites you but does no damage. x2
The eight-headed hydra bites you. x2; The eight-headed hydra bites you!
* * * LOW HITPOINT WARNING * * *
The eight-headed hydra bites you but does no damage.
The eight-headed hydra bites you.
* * * LOW HITPOINT WARNING * * *
The eight-headed hydra bites you but does no damage.
You swap places.
Urug completely misses el Mago Migue.
The cyclops throws a large rock.
The large rock hits el Mago Migue!!
The eight-headed hydra bites el Mago Migue!
El Mago Migue is destroyed!
Urug throws a javelin.
The javelin completely misses you.
Urug throws a javelin.
The javelin misses you.
There is an open door here.
You open the door.
There is an open door here.
Urug throws a javelin.
The javelin pierces through you!!
You die...

#.........# #.........#
#####.##### #..##
###+######## ##..#
#..........# ##.#
#..........######## #.#
#..........'......#####'###
#.........@######.#........
#..........# #.#........
#######.(........#
#.'........
................D#
###........
.#######.######'##
#........ #.....# ##o####
#........ #.###.####.....#
#####+###
.####.###..##..###.####
......).o.............#


You could see an eight-headed hydra and Urug.

Vanquished Creatures
  The ghost of senseless the Fighter, a journeyman MiFi of Cheibriados (D:10)
  A two-headed ogre (D:8)
  A cyclops (D:11)
  Maggie (D:7)
  A komodo dragon (D:9)
  Prince Ribbit (D:7)
  A meliai zombie (D:10)
  2 wraiths (D:10)
  4 yaks
  A wyvern (D:9)
  Edmund (D:6)
  A water moccasin (D:5)
  A hornet zombie (D:8)
  2 orc warriors
  2 black bears (D:9)
  2 centaurs
  A bullfrog (D:8)
  A scorpion (D:4)
  11 killer bees (D:9)
  4 wights
  3 centaur zombies
  A bullfrog skeleton (D:6)
  An iguana (D:6)
  A scorpion zombie (D:5)
  2 orc wizards
  2 hound skeletons (D:5)
  A howler monkey zombie (D:11)
  4 adders
  2 ufetubi
  10 orcs
  A bat (D:1)
  4 endoplasms
  4 goblins
  3 hobgoblins (D:1)
  2 jackals
  A quokka (D:2)
  2 ball pythons
  2 frilled lizards
  8 kobolds
  5 rats
99 creatures vanquished.

Vanquished Creatures (collateral kills)
  A two-headed ogre (D:11)
  Psyche (D:8)
  A wyvern (D:9)
  3 yaks
  Menkaure (D:4)
  2 water moccasins (D:9)
  A sky beast (D:6)
  2 orc warriors
  An ogre (D:6)
  A black bear (D:9)
  3 centaurs
  A bullfrog (D:9)
  A scorpion (D:5)
  A water moccasin skeleton (D:6)
  7 killer bees (D:9)
  3 wights
  2 howler monkeys
  A lava snake (D:7)
  2 centaur zombies (D:6)
  3 hounds
  2 centaur skeletons
  A jelly (D:6)
  2 orc priests (D:5)
  2 orc wizards
  A howler monkey zombie (D:6)
  2 adders
  A shadow imp (D:6)
  3 worms
  3 dart slugs
  10 orcs
  An endoplasm (D:3)
  3 giant cockroaches
  4 goblins
  4 hobgoblins
  8 jackals
  5 quokkas
  3 ball pythons
  2 bats
  6 frilled lizards
  3 kobolds
  2 rats
106 creatures vanquished.

Vanquished Creatures (others)
  3 battlemagi
  43 fungi (D:9)
  49 plants
95 creatures vanquished.

Grand Total: 300 creatures vanquished

Notes
Turn   | Place    | Note
-------+----------+-------------------------------------------
     0 | D:1      | senseless the Human Monk began the quest for the Orb.
     0 | D:1      | Reached XP level 1. HP: 18/18 MP: 1/1
   325 | D:1      | Reached XP level 2. HP: 23/24 MP: 2/2
   788 | D:1      | Found a faded altar of an unknown god.
   801 | D:1      | Became a worshipper of Hepliaklqana the Forgotten
   801 | D:1      | Reached * piety under Hepliaklqana
   801 | D:1      | Reached ** piety under Hepliaklqana
   802 | D:1      | Remembered your ancestor el Mago Migue as a battlemage
   936 | D:1      | Reached XP level 3. HP: 26/26 MP: 3/3
  1382 | D:2      | Reached *** piety under Hepliaklqana
  1501 | D:2      | Reached XP level 4. HP: 30/31 MP: 4/4
  2354 | D:3      | Found an opulent altar of Gozag.
  2536 | D:4      | Found a hide-covered altar of Uskayaw.
  2541 | D:4      | Reached skill level 4 in Maces & Flails
  2568 | D:4      | Reached XP level 5. HP: 37/37 MP: 5/5
  2615 | D:4      | Reached skill level 1 in Armour
  2655 | D:4      | Found a broken altar of Ashenzari.
  2662 | D:4      | Found a shimmering altar of Xom.
  2670 | D:4      | Found an iron altar of Okawaru.
  2678 | D:4      | Found a white marble altar of Elyvilon.
  2683 | D:4      | Found a stormy altar of Qazlal.
  2691 | D:4      | Found a burning altar of Makhleb.
  2697 | D:4      | Found a snail-covered altar of Cheibriados.
  2841 | D:4      | Reached XP level 6. HP: 25/43 MP: 6/6
  3241 | D:4      | Noticed Menkaure
  3253 | D:4      | Killed Menkaure
  3254 | D:4      | Reached skill level 5 in Maces & Flails
  3682 | D:5      | Entered Level 5 of the Dungeon
  3682 | D:5      | Reached **** piety under Hepliaklqana
  3698 | D:5      | Reached skill level 1 in Spellcasting
  3739 | D:5      | Reached XP level 7. HP: 47/48 MP: 8/8
  4045 | D:5      | Reached skill level 1 in Polearms
  4583 | D:6      | Noticed Edmund
  4595 | D:6      | Reached XP level 8. HP: 28/54 MP: 10/10
  4599 | D:6      | Killed Edmund
  4937 | D:6      | Reached skill level 1 in Short Blades
  5059 | D:5      | Reached skill level 5 in Fighting
  5517 | D:6      | Reached skill level 6 in Maces & Flails
  5773 | D:6      | Found an ornate altar of the Wu Jian Council.
  5798 | D:6      | Reached ***** piety under Hepliaklqana
  5829 | D:6      | Reached XP level 9. HP: 54/61 MP: 13/13
  6102 | D:7      | Found a staircase to the Ecumenical Temple.
  6149 | D:7      | Noticed Prince Ribbit
  6162 | D:7      | Killed Prince Ribbit
  6310 | D:7      | Reached skill level 5 in Armour
  6369 | D:7      | Noticed Maggie
  6377 | D:7      | Killed Maggie
  6378 | D:7      | Reached skill level 7 in Maces & Flails
  6618 | Temple   | Entered the Ecumenical Temple
  6769 | D:8      | Noticed a two-headed ogre
  6777 | D:8      | Killed a two-headed ogre
  6778 | D:8      | Reached skill level 1 in Long Blades
  6778 | D:8      | Reached XP level 10. HP: 68/68 MP: 16/16
  6981 | D:8      | Noticed Psyche
  6992 | D:8      | Killed Psyche
  7768 | D:9      | Reached skill level 5 in Spellcasting
  7769 | D:9      | Reached skill level 8 in Maces & Flails
  8210 | D:9      | Found a staircase to the Lair.
  8239 | D:9      | Found an ancient bone altar of Kikubaaqudgha.
  8252 | D:9      | Noticed a komodo dragon
  8260 | D:9      | Killed a komodo dragon
  8465 | D:9      | Found a blossoming altar of Fedhas.
  8490 | D:9      | Reached skill level 5 in Long Blades
  8490 | D:9      | Reached XP level 11. HP: 71/73 MP: 20/20
  8780 | D:9      | Reached skill level 5 in Dodging
  8829 | D:10     | Entered Level 10 of the Dungeon
  9259 | D:10     | Found a runed translucent gate.
  9259 | D:10     | Found a runed translucent gate.
  9259 | D:10     | Found a runed translucent gate.
  9259 | D:10     | Noticed senseless's ghost (journeyman MiFi)
  9261 | D:10     | Found a basalt altar of Yredelemnul.
  9314 | D:10     | HP: 2/74 [senseless's ghost (9)]
  9315 | D:10     | Killed senseless's ghost
 10116 | D:10     | Identified a scroll of acquirement
 10116 | D:10     | Acquired the +11 plutonium sword {Contam Stlth-}
 10117 | D:10     | Found the +11 plutonium sword {Contam Stlth-}
 10346 | D:11     | Found a staircase to the Orcish Mines.
 10458 | D:11     | Noticed a cyclops
 10466 | D:11     | Killed a cyclops
 10489 | D:11     | Noticed a two-headed ogre
 10498 | D:11     | Killed a two-headed ogre
 10499 | D:11     | Reached skill level 5 in Stealth
 10596 | D:11     | Noticed Urug
 10606 | D:11     | Noticed an eight-headed hydra
 10606 | D:11     | Noticed a cyclops
 10631 | D:11     | Hit by a javelin thrown by Urug

Illustrated notes

Levels and vault maps discovered:
D:1:      minmay_arrival_wavy_path, layout_basic, serial_forest,
          infiniplex_forest_3_way, infiniplex_forest_clump_medium,
          infiniplex_forest_end_double, infiniplex_forest_clump_tiny,
          infiniplex_forest_zigzag_1, infiniplex_forest_end_2,
          basic_ecumenical_altar
D:2:      layout_loops_ring
D:3:      layout_rooms, general_overflow_altar, minmay_misc_feat_encased
D:4:      layout_basic, old_standard_altar, grunt_temple_overflow_octagram,
          uniq_menkaure
D:5:      layout_rooms, kennysheep_crisscross
D:6:      layout_basic, marbit_many_paths, minmay_fractal_squares_5, uniq_edmund
D:7:      layout_rooms, minmay_temple_entry_large_hall,
          kennysheep_generic_room_2, uniq_maggie, uniq_prince_ribbit1
D:8:      layout_basic, amethyst_killhole, hangedman_abyss_or_decor_lesser_grid,
          uniq_psyche
D:9:      layout_long_grid, lemuel_round_altar,
          nicolae_kikubaaqudgha_miasma_corner, due_lair_maze_entry_diamond
D:10:     layout_irregular_city, nicolae_yredelemnul_ghost_church
D:11:     layout_roguey, orc_david_3, minmay_quadrilaterals, uniq_snorg,
          uniq_urug
Temple:   nicolae_temple_figure_zero

Skill      XL: |  1  2  3  4  5  6  7  8  9 10 11 |
---------------+----------------------------------+-----
Maces & Flails | 4 5 6 7 8 |  8.1
Armour         | 1 2 3 4 5 6 |  6.1
Fighting       | 4 5 6 7 |  7.1
Spellcasting   | 1 3 4 6 7 |  7.0
Polearms       | 1 2 |  2.2
Stealth        | 3 4 5 |  5.0
Short Blades   | 2 |  2.4
Long Blades    | 1 5 7 |  7.8
Dodging        | 4 5 |  5.8
Throwing       | |  0.1
Shields        | |  0.6
Evocations     | |  0.3

Action                   |  1- 3 |  4- 6 |  7- 9 | 10-12 || total
-------------------------+-------+-------+-------+-------++-------
Melee: Mace              |    88 |    91 |    17 |       ||   196
       Dagger            |       |       |    37 |       ||    37
       Trident           |       |       |    10 |       ||    10
       Flail             |       |       |    91 |       ||    91
       Scimitar          |       |       |     6 |   140 ||   146
       Triple sword      |       |       |       |    17 ||    17
Throw: Dart              |       |       |       |     2 ||     2
Invok: Ancestor Identity |     2 |       |       |       ||     2
       Ancestor Life: Ba |     1 |       |       |       ||     1
       Recall Ancestor   |       |       |     1 |       ||     1
Evoke: Wand              |       |       |       |     3 ||     3
  Use: Scroll            |       |       |       |    17 ||    17
 Stab: Sleeping          |     2 |       |     1 |     2 ||     5
       Distracted        |       |     2 |     4 |     2 ||     8
Armor: Robe              |     5 |       |       |       ||     5
       Chain mail        |    57 |    54 |    88 |       ||   199
       Steam dragon scal |       |       |     1 |    59 ||    60
Dodge: Dodged            |    39 |    37 |   114 |   235 ||   425
Block: Buckler           |       |       |       |    10 ||    10
       Rpst.: Scimitar   |       |       |     2 |    56 ||    58
       Triple sword      |       |       |       |     5 ||     5

Table legend: (Time is in decaauts)
 A = Elapsed time spent in this place.
 B = Non-inter-level travel time spent in this place.
 C = Inter-level travel time spent in this place.
 D = Time resting spent in this place.
 E = Time spent auto-exploring this place.
 F = Levels seen in this place.
 G = Mean time per level.
                   A        B        C        D        E       F      G
               +--------+--------+--------+--------+--------+-----+--------+
         Total |  10716 |  10342 |    374 |   1054 |   7876 |  12 |  893.0 |
       Dungeon |  10714 |  10340 |    374 |   1054 |   7876 |  11 |  974.0 |
        Temple |      1 |      1 |      0 |      0 |      0 |   1 |    1.0 |
               +--------+--------+--------+--------+--------+-----+--------+

Top non-repeatable levels by time:
    D:10: 1524 daAuts
     D:6: 1406 daAuts
     D:8: 1160 daAuts
     D:4: 1154 daAuts
     D:1: 1127 daAuts
     D:9: 1042 daAuts
     D:5: 967 daAuts
     D:2: 945 daAuts
     D:7: 603 daAuts
     D:3: 487 daAuts
    D:11: 295 daAuts
  Temple: 1 daAuts
